 Dungeon Crawl Stone Soup version 0.30-b1-2-g02819fbbbe (webtiles) character file.

Game seed: 4903352735482369038

44 sanka the Digger (level 3, -2/27 HPs)
             Began as an Armataur Earth Elementalist on May 17, 2023.
             Slain by an orc priest
             ... wielding a +0 club
              (4 damage)
             ... on level 1 of the Dungeon.
             The game lasted 00:02:12 (1239 turns).

sanka the Digger (Armataur Earth Elementalist)      Turns: 1239, Time: 00:02:12

Health: -2/27      AC:  4    Str: 13    XL:     3   Next: 39%
Magic:  0/6        EV:  9    Int: 17    God:
Gold:   44         SH:  0    Dex: 10    Spells: 0/6 levels left

rFire   . . .        (no weapon)
rCold   . . .        (no shield)
rNeg    . . .        a - +0 robe
rPois   .            (no helmet)
rElec   .            (no cloak)
rCorr   .            (no gloves)
SInv    .            (no barding)
Will    .....        (no amulet)
Stlth   ++           (no ring)
HPRegen 0.24/turn    (no ring)
MPRegen 0.10/turn

%: roll
@: very slightly contaminated, invisible
A: large, rugged brown scales 3, deformed body, armoured tail, roll, long
tongue, awkward tongue
a: no special abilities


You were on level 1 of the Dungeon.
You visited 1 branch of the dungeon, and saw 2 of its levels.

You collected 44 gold pieces.

Inventory:

Armour
 a - a +0 robe (worn)
Magical Staves
 g - a staff of conjuration {!a}
Scrolls
 c - a scroll of immolation {unknown}
 e - a scroll of identify {unknown}
Potions
 b - a potion of magic


   Skills:
 - Level 1.3 Dodging
 - Level 2.1 Stealth
 - Level 2.0 Spellcasting
 + Level 0.5 Conjurations
 - Level 1.0 Transmutations
 + Level 3.8 Earth Magic


You couldn't memorise any spells.
You knew the following spells:

 Your Spells              Type           Power      Damage    Failure   Level
a - Sandblast             Erth           28%        2d8       4%          1
b - Passwall              Tmut/Erth      7%         N/A       11%         2
c - Stone Arrow           Conj/Erth      18%        3d8       24%         3

Your spell library contained the following spells:

 Spells                   Type           Power      Damage    Failure   Level
 Petrify                  Tmut/Erth      9%         N/A       56%         4


Dungeon Overview and Level Annotations

Branches:
Dungeon (2/15)

Altars:


Innate Abilities, Weirdness & Mutations

You are completely covered in rugged brown scales. (AC +3, +7% HP)
Armour fits poorly on your strangely shaped body.
You have a long armoured tail.
You roll when moving toward enemies. (Rampage)
Your long tongue fully drains potion bottles. (2x potion effects)
Your tongue gives you trouble enunciating. (1.5x scroll delay)


Message History

The orc priest looks braver for a moment.
You barely miss the orc priest.
Your tail-slap misses the orc priest.
The orc priest is severely wounded.
The orc priest barely misses you.
You hit the orc priest but do no damage.
The orc priest is severely wounded.
The orc priest barely misses you.
You hit the orc priest but do no damage.
The orc priest is severely wounded.
The orc priest hits you but does no damage.
You barely miss the orc priest.
The orc priest is severely wounded.
The orc priest hits you with a +0 club.
You completely miss the orc priest.
The orc priest is severely wounded.
The orc priest invokes the aid of Beogh against you.
Pain shoots through your body!
* * * LOW HITPOINT WARNING * * *
You hit the orc priest but do no damage.
Your tail-slap misses the orc priest.
The orc priest is severely wounded.
The orc priest hits you with a +0 club.
* * * LOW HITPOINT WARNING * * *
You hit the orc priest but do no damage.
The orc priest is severely wounded.
The orc priest hits you with a +0 club.
* * * LOW HITPOINT WARNING * * *
Casting: Sandblast (safe; 4% risk of failure)
Confirm with . or Enter, or press ? or * to list all spells.
Aiming: Sandblast (safe; 4% risk of failure)
Press: ? - help, Shift-Dir - straight line, f/p - orc priest
Aim: an orc priest, wielding a +0 club and wearing a +0 chain mail (severely wounded, unable to see you, 87% to hit)
You miscast Sandblast.
You are very lightly contaminated with residual magic.
Nothing appears to happen.
The orc priest hits you with a +0 club.
* * * LOW HITPOINT WARNING * * *
You hit the orc priest but do no damage.
The orc priest is severely wounded.
The orc priest hits you with a +0 club.
You die...

######### ########.# #
#########.######### ####
#.................# ...#
#.....###..#.####.# ...###
#.###.###..#.# #.# .....#
##.# #......#.# #.#
.....#####).###........# #.#
.......^........###.##.####.#
...#######..#...@o........#.#
...# #.......#.......##.#.#
#.## #...............##.#.#
#.# #.#..##.#.......##.#.#
#.# #.#...>.........##.#.#
#.# ##.#.#####.####..##...#
#.# #....#####.# #..##.###
#.# #......)...####.....# #.#
#.................#.#


You could see an orc priest (unable to see you).

Vanquished Creatures
  3 dart slugs (D:1)
  4 orcs
  3 ball pythons (D:1)
  4 bats (D:1)
  An endoplasm (D:1)
  A giant cockroach (D:1)
  3 hobgoblins
  3 kobolds (D:1)
  2 quokkas (D:1)
  A frilled lizard (D:1)
  A goblin (D:1)
  6 rats (D:1)
32 creatures vanquished.

Notes
Turn   | Place    | Note
-------+----------+-------------------------------------------
     0 | D:1      | sanka the Armataur Earth Elementalist began the quest for
                  | the Orb.
     0 | D:1      | Reached XP level 1. HP: 14/14 MP: 3/3
    24 | D:1      | Reached skill level 1 in Transmutations
   239 | D:1      | Reached skill level 3 in Earth Magic
   308 | D:1      | Reached XP level 2. HP: 21/21 MP: 3/5
   689 | D:1      | Reached XP level 3. HP: 21/27 MP: 6/6
   715 | D:1      | Learned a level 2 spell: Passwall
   719 | D:1      | Learned a level 3 spell: Stone Arrow
  1239 | D:1      | Slain by an orc priest

Illustrated notes

Levels and vault maps discovered:
D:1:      enne_arrival_octagon_isle, layout_loops_ring, minmay_cut_off
D:2:      layout_basic, uniq_sigmund

Skill      XL: |  1 |
---------------+----+-----
Transmutations | 1 |  1.0
Spellcasting   | 2 |  2.0
Earth Magic    | 3 |  3.8
Dodging        | |  1.3
Stealth        | |  2.1
Conjurations   | |  0.5

Action                     || total
---------------------------++-------
  Melee: Unarmed           ||    56
         Tailslap          ||     6
         Punch             ||     1
         Staff             ||     3
   Cast: Sandblast         ||    47
    Use: Potion            ||     2
   Stab: Sleeping          ||     1
         Invisible         ||     3
 Armour: Robe              ||    19
         Skin              ||     3
  Dodge: Dodged            ||    46
